AoeStats
← HR Pinkman

Arena

509811113Analyzed
4v4 RM · 3d ago on Sep 28, 2026· 46m 25s· 8 players
Game mode
Random Map
Map size
Large (8 player)
Population
200
Speed
Normal
Resources
Standard
Victory
Conquest
Starting age
Dark Age
Ending age
Imperial Age
RankedLock teamsTeams togetherTeam positionsShared explorationLock speedFull tech treeHidden civsTurbo modeCheats
Victory
Defeat
🇨🇱 Teutons · Chile
1882
+9
🇨🇱 Burgundians · Chile
1766
+13
🇨🇱 Berbers · Chile
1667
+17
🇨🇱 Muisca · Chile
1623
+19
🇨🇦 Byzantines · Canada
2023
-25
1709
-15
🇺🇸 Goths · United States
1682
-14
🇺🇸 Malay · United States
1379
-4
OS+ | slam
11:14 Feudal Age
11:51 Double-Bit Axe
12:26 Horse Collar
14:52 Castle Age
15:52 Bow Saw
15:43 Heavy Plow
17:07 Wheelbarrow
21:19 Gold Mining
22:42 Hand Cart
23:20 Gold Shaft Mining
23:28 Loom
26:48 Imperial Age
25:24 Husbandry
25:34 Husbandry
25:53 Scale Barding Armor
26:55 Chain Barding Armor
26:15 Crossbowman
28:30 Chemistry
28:34 Two-Man Saw
27:35 Fletching
27:08 Heavy Camel Rider
28:16 Bodkin Arrow
28:50 Ballistics
28:50 Arbalester
29:31 Bracer
30:36 Thumb Ring
31:19 Padded Archer Armor
33:10 Crop Rotation
33:07 Leather Archer Armor
33:32 Bombard Tower
34:25 Coinage
34:06 Guilds
34:54 Plate Barding Armor
36:08 Forging
38:05 Iron Casting
38:22 Hoardings
38:08 Conscription
40:37 Banking
41:13 Murder Holes
42:05 Ring Archer Armor
42:03 Stone Mining
43:29 Treadmill Crane
43:36 Capped Ram
Bread Pudding With Bum Sauce
10:36 Feudal Age
14:28 Castle Age
12:14 Double-Bit Axe
13:37 Loom
16:00 Bow Saw
23:02 Horse Collar
30:33 Heavy Plow
31:13 Wheelbarrow
34:09 Hand Cart
38:08 Imperial Age
35:32 Stone Mining
36:19 Scale Mail Armor
36:29 Forging
38:33 First Crusade
38:29 Chain Mail Armor
38:24 Forging
41:19 Imperial Age
40:50 Gold Mining
41:35 Stone Shaft Mining
43:50 Gold Shaft Mining
[LMB] xvedejas
10:25 Feudal Age
12:37 Double-Bit Axe
12:35 Horse Collar
14:12 Fletching
19:23 Castle Age
18:55 Bodkin Arrow
19:32 Stone Mining
19:52 Bow Saw
20:00 Loom
23:13 Wheelbarrow
29:23 Heavy Plow
29:23 Gold Mining
29:50 Arson
32:29 Masonry
33:22 Forging
32:49 Pikeman
33:29 Squires
37:31 Imperial Age
36:07 Iron Casting
36:26 Halberdier
39:28 Devotion
41:42 Blast Furnace
42:02 Conscription
43:53 Hand Cart
43:23 Town Watch
45:21 Husbandry
46:10 Scale Barding Armor
46:10 Bracer
46:10 Padded Archer Armor
JaM DaDDy
11:31 Feudal Age
11:45 Loom
12:04 Double-Bit Axe
15:01 Castle Age
12:51 Horse Collar
16:16 Bow Saw
17:33 Scale Mail Armor
18:11 Fletching
19:37 Chain Mail Armor
24:24 Forging
30:22 Town Watch
31:19 Gold Mining
33:03 Wheelbarrow
39:10 Imperial Age
37:07 Heavy Plow
37:50 Padded Archer Armor
38:59 Hand Cart
39:55 Leather Archer Armor
40:53 Chemistry
41:19 Two-Man Saw
40:17 Bodkin Arrow
40:49 Stone Mining
41:32 Ring Archer Armor
43:13 Iron Casting
44:23 Bodkin Arrow
benja23
11:04 Feudal Age
14:54 Castle Age
13:18 Double-Bit Axe
13:13 Horse Collar
15:38 Forging
26:12 Bow Saw
32:18 Imperial Age
30:25 Wheelbarrow
29:47 Champi Runner
30:27 Squires
30:28 Scale Mail Armor
31:58 Hand Cart
31:29 Loom
32:11 Chain Mail Armor
31:18 Champi Warrior
32:01 Herbalism
32:44 Gold Mining
32:55 Heavy Plow
34:29 Plate Mail Armor
34:42 Gold Shaft Mining
33:46 Elite Champi Warrior
36:43 Iron Casting
37:02 Crop Rotation
38:27 Conscription
41:17 Two-Man Saw
40:08 Stone Mining
41:50 Capped Ram
44:43 Coinage
HR pikoLein
10:46 Feudal Age
14:33 Castle Age
12:57 Double-Bit Axe
13:07 Horse Collar
15:26 Bow Saw
15:16 Heavy Plow
16:38 Gold Mining
18:29 Forging
19:55 Scale Barding Armor
21:54 Wheelbarrow
22:04 Bloodlines
22:03 Husbandry
27:59 Fletching
29:54 Loom
32:48 Hand Cart
37:54 Imperial Age
35:10 Town Watch
35:47 Bodkin Arrow
36:13 Ballistics
37:35 Chain Barding Armor
38:51 Gold Shaft Mining
38:06 Stone Mining
39:12 Plate Barding Armor
39:12 Iron Casting
38:18 Cavalier
42:15 Bracer
43:03 Conscription
44:39 Coinage
45:38 Blast Furnace
46:12 Masonry
47:04 Chemistry
47:11 Masonry
46:58 Murder Holes
HR Pinkman
10:27 Feudal Age
14:08 Castle Age
12:01 Double-Bit Axe
11:57 Horse Collar
15:10 Bow Saw
15:01 Heavy Plow
21:17 Wheelbarrow
22:29 Hand Cart
22:03 Loom
23:03 Gold Mining
28:32 Imperial Age
26:15 Forging
26:05 Scale Mail Armor
27:37 Iron Casting
26:25 Pikeman
27:06 Squires
26:51 Arson
27:03 Gambesons
28:00 Chain Mail Armor
28:56 Halberdier
30:09 Clinker Construction
30:48 Plate Mail Armor
31:18 Blast Furnace
30:13 Stone Mining
29:50 Onager
30:45 Siege Engineers
32:20 Chemistry
31:00 Onager
31:01 Capped Ram
33:41 Siege Onager
34:37 Capped Ram
35:37 Siege Onager
36:20 Fletching
37:50 Ballistics
37:41 Masonry
44:53 Bodkin Arrow
neromelnick
8:25 Feudal Age
8:00 Loom
8:41 Double-Bit Axe
8:37 Horse Collar
8:56 Horse Collar
10:23 Bow Saw
12:12 Fletching
19:50 Castle Age
18:32 Gold Mining
18:35 Stone Mining
20:38 Wheelbarrow
20:30 Bodkin Arrow
25:16 Hand Cart
32:03 Imperial Age
29:20 Town Watch
29:41 Scale Barding Armor
29:47 Forging
29:43 Heavy Plow
31:09 Chain Barding Armor
30:27 Cavalier
31:08 Husbandry
32:35 Iron Casting
32:23 Paladin
33:44 Plate Barding Armor
38:45 Blast Furnace
39:28 Ballistics
40:08 Chemistry
39:16 Light Cavalry
43:02 Padded Archer Armor
45:24 Elite Genitour
Connection lost

Rejoining the realm…

Still unreachable

The connection could not be restored.

Session expired

The server has moved on; the page needs a fresh start.